Map: Emerald City LE

Players

OpuS

  • Race: Protoss Protoss
  • League: Platinum
  • Spawn Location: 11:00

Sketchaphone

  • Race: Zerg Zerg
  • League: Platinum
  • Spawn Location: 11:00

Ballsavage - Winner!

  • Race: Terran Terran
  • Spawn Location: 5:00

LarryBirdJr - Winner!

  • Race: Zerg Zerg
  • League: Diamond
  • Spawn Location: 5:00

VOD

Have the link to the VOD?

Description

Time

  • Played on: Feb. 12, 2019, 6:34 p.m.
  • Length: 16:23
Show
View Real Time Build Order
Export as new Build Order

OpuS Protoss 

Build Orders: 1 Gate Expand, Carriers 

Get SALT Encoding   

  12  0:01  Probe  
  13  0:13  Probe  
  14  0:28  Probe  
  15  0:29  Pylon  
  15  0:52  Gateway  
  15  0:54  Probe  
  16  1:02  Probe, Assimilator  
  16  1:10  Probe  
  18  1:21  Probe  
  19  1:31  Nexus  
  19  1:42  Cybernetics Core  
  19  1:49  Pylon  
  19  1:50  Zealot  
  19  1:53  Probe  
  21  2:01  Probe  
  22  2:04  Pylon  
  22  2:17  Gateway  
  22  2:22  Warp Gate  
  22  2:24  Probe  
  23  2:32  Probe, Assimilator  
  23  2:34  Zealot  
  26  2:56  Probe  
  27  2:58  Stalker  
  27  2:59  Probe  
  28  3:08  Probe  
  31  3:24  Gateway  
  31  3:27  Probe x2, Stargate  
  33  3:38  Stalker  
  33  3:41  Zealot  
  37  3:49  Probe x2  
  39  4:00  Oracle  
  39  4:01  Probe x2  
  41  4:13  Probe x2  
  44  4:23  Zealot  
  44  4:24  Zealot x2  
  50  4:26  Probe  
  50  4:27  Probe  
  50  4:30  Twilight Council  
  52  4:38  Probe  
  52  4:39  Probe  
  54  4:51  Probe x2  
  54  5:00  Pylon  
  54  5:02  Pylon  
  54  5:05  Pylon  
  54  5:18  Probe x2, Void Ray  
  54  5:19  Stalker  
  54  5:20  Stalker  
  64  5:21  Zealot  
  66  5:34  Shield Battery  
  66  5:35  Probe x2  
  68  5:36  Shield Battery  
  68  5:38  Shield Battery  
  68  5:47  Probe x2  
  70  5:56  Zealot x3  
  76  5:59  Probe  
  76  6:00  Assimilator  
  77  6:04  Assimilator  
  77  6:07  Pylon, Charge  
  77  6:10  Pylon  
  77  6:12  Pylon  
  77  6:20  Void Ray  
  77  6:26  Zealot x2  
  77  6:29  Zealot  
  87  6:33  Gateway  
  87  6:36  Gateway  
  87  6:37  Gateway  
  87  6:40  Pylon  
  87  6:43  Pylon  
  87  6:47  Stalker  
  87  6:48  Stalker  
  87  6:50  Stalker  
  93  6:58  Void Ray  
  78  7:27  Zealot x2  
  78  7:28  Zealot  
  82  7:39  Zealot x2  
  82  7:40  Zealot  
  82  7:41  Void Ray  
  92  7:56  Fleet Beacon  
  92  8:02  Stargate  
  92  8:11  Nexus  
  92  8:13  Pylon  
  92  8:14  Pylon  
  92  8:18  Assimilator  
  90  8:24  Void Ray  
  68  8:52  Probe x2  
  68  8:53  Zealot x4  
  68  8:54  Zealot x2  
  76  8:57  Protoss Air Weapons Level 1  
  76  9:01  Carrier  
  82  9:07  Carrier  
  88  9:11  Gateway  
  88  9:12  Gateway  
  89  9:17  Probe x2  
  89  9:19  Zealot  
  89  9:20  Zealot x3  
  89  9:24  Zealot  
  100  9:27  Zealot  
  102  9:44  Probe x2  
  98  9:47  Probe  
  93  9:56  Probe  
  94  10:00  Probe x2, Stargate  
  94  10:06  Carrier  
  102  10:13  Carrier  
  108  10:17  Zealot x2  
  108  10:18  Probe  
  108  10:19  Probe  
  114  10:23  Probe  
  115  10:30  Probe  
  115  10:32  Probe  
  115  10:35  Probe  
  118  10:43  Forge  
  114  10:53  Zealot x4  
  114  10:55  Probe x2  
  124  11:10  Carrier  
  124  11:11  Carrier  
  134  11:19  Probe x2  
  134  11:20  Probe  
  134  11:22  Assimilator  
  134  11:24  Carrier  
  141  11:30  Stargate  
  133  11:33  Stargate  
  133  12:08  Zealot  
  133  12:09  Zealot x5  
  133  12:10  Zealot x2  
  133  12:14  Gateway  
  133  12:15  Gateway  
  149  12:20  Gateway  
  147  12:23  Gateway  
  145  12:31  Pylon  
  145  12:33  Pylon  
  145  12:35  Pylon  
  145  12:37  Pylon  
  157  12:52  Carrier  
  121  13:19  Zealot  
  118  13:20  Zealot x5  
  118  13:21  Zealot x3  
  115  13:55  Cybernetics Core  
  115  14:02  Nexus  
  115  14:09  Zealot x5  
  123  14:10  Zealot x4  
  123  14:16  Pylon  
  131  14:19  Pylon  
  131  14:21  Assimilator  
  127  14:25  Assimilator  
  127  14:31  Zealot x5  
  122  14:32  Zealot x4  
  126  14:47  Pylon  
  126  14:52  Stargate  
  90  15:22  Twilight Council  
  90  15:59  Probe x3  
  90  16:00  Probe  
Show
View Real Time Build Order
Export as new Build Order

Sketchaphone Zerg 

Build Orders: Hatch First 

Get SALT Encoding   

  12  0:01  Drone  
  13  0:13  Overlord  
  13  0:19  Drone  
  14  0:23  Extractor  
  14  0:24  Drone  
  15  0:38  Drone x2  
  17  0:56  Hatchery  
  16  1:02  Drone  
  16  1:04  Extractor  
  16  1:05  Drone  
  17  1:21  Spawning Pool  
  16  1:26  Drone  
  16  1:27  Drone  
  16  1:30  Drone  
  19  1:42  Drone  
  20  1:56  Overlord  
  20  2:05  Drone  
  20  2:07  Metabolic Boost  
  21  2:09  Queen  
  21  2:10  Queen  
  25  2:19  Zergling x2  
  25  2:21  Zergling x4  
  28  2:31  Zergling x2  
  28  2:32  Drone  
  30  2:38  Drone  
  30  2:40  Zergling x2  
  32  2:59  Drone  
  32  3:00  Overlord, Drone  
  34  3:26  Hatchery  
  34  3:27  Roach Warren, Drone x2  
  35  3:28  Overlord  
  35  3:29  Drone x3  
  37  3:49  Overlord  
  37  3:53  Drone  
  38  3:59  Zergling x6  
  38  4:00  Zergling x4  
  43  4:10  Overlord, Drone  
  43  4:11  Evolution Chamber  
  43  4:19  Roach x5  
  43  4:21  Roach  
  55  4:42  Zerg Ground Armor Level 1  
  55  4:44  Roach x2  
  55  4:45  Roach  
  61  4:46  Drone  
  61  4:47  Roach  
  61  4:48  Zergling x2  
  61  4:49  Drone x3  
  68  4:57  Queen  
  69  5:18  Roach x2  
  72  5:34  Drone  
  73  5:36  Overlord x2  
  73  5:43  Lair, Extractor  
  73  5:44  Overlord, Zergling x2  
  73  5:55  Zergling x16  
  81  6:17  Hatchery  
  79  6:21  Drone  
  79  6:22  Drone x10  
  90  6:26  Extractor  
  90  6:27  Extractor  
  87  6:37  Overlord x2  
  83  6:51  Roach x3  
  83  6:52  Overlord x2  
  89  6:56  Zerg Ground Armor Level 2  
  89  6:57  Evolution Chamber  
  60  7:18  Zergling x20  
  69  7:25  Zergling x8  
  71  7:31  Zergling x6  
  71  7:35  Queen  
  73  7:43  Drone x2  
  70  7:46  Zerg Melee Weapons Level 1  
  70  7:50  Extractor  
  67  7:52  Extractor  
  66  7:59  Ravager  
  66  8:02  Queen  
  66  8:03  Drone x2  
  71  8:09  Pneumatized Carapace  
  71  8:15  Evolution Chamber  
  71  8:16  Zergling x16  
  78  8:24  Overlord  
  78  8:33  Glial Reconstitution  
  49  8:56  Drone  
  49  8:57  Drone  
  41  9:02  Zerg Missile Weapons Level 1  
  41  9:04  Queen  
  41  9:05  Drone x3  
  42  9:14  Overseer  
  42  9:20  Roach  
  42  9:21  Roach x4  
  51  9:38  Zergling x8  
  51  9:39  Zergling x2  
  51  9:42  Roach  
  58  9:59  Zergling x16  
  66  10:13  Queen  
  68  10:14  Infestation Pit  
  68  10:15  Drone x3  
  68  10:19  Drone x2  
  72  10:30  Roach  
  75  10:42  Drone  
  75  10:45  Overseer  
  75  10:49  Zerg Melee Weapons Level 2  
  75  10:51  Hive  
  75  10:52  Roach x4  
  74  11:16  Zergling x18  
  74  11:17  Zergling x10  
  82  11:23  Zerg Missile Weapons Level 2  
  73  11:32  Spire, Drone  
  74  11:36  Drone x2  
  74  11:39  Drone x2  
  75  11:48  Zergling x2  
  62  12:02  Roach x5  
  67  12:20  Roach x7  
  67  12:32  Roach  
  67  12:33  Roach  
  70  12:44  Ravager x4  
  70  12:45  Ravager x3  
  70  12:46  Roach x2  
  70  12:47  Roach  
  58  13:29  Corruptor x5  
  60  13:41  Drone x3  
  35  14:12  Hatchery  
  35  14:13  Hatchery  
  35  14:14  Corruptor  
  11  15:46  Drone x5  
  16  15:50  Drone  
  17  16:08  Drone  
  17  16:10  Drone  
Show
View Real Time Build Order
Export as new Build Order

Ballsavage Terran - Winner!

Build Orders: Reaper Expand 

Get SALT Encoding   

  12  0:02  SCV  
  13  0:15  SCV  
  14  0:26  Supply Depot  
  14  0:27  SCV  
  15  0:47  SCV  
  15  0:49  Barracks  
  16  0:53  Refinery  
  16  0:59  SCV  
  17  1:12  SCV  
  18  1:24  SCV  
  19  1:37  Reaper  
  19  1:38  Orbital Command  
  20  1:47  Command Center  
  20  1:54  Barracks  
  20  2:05  SCV  
  21  2:14  Barracks Reactor  
  21  2:16  Supply Depot  
  21  2:17  SCV  
  22  2:23  Refinery  
  22  2:32  Factory  
  22  2:35  SCV  
  23  2:59  Barracks Tech Lab, SCV  
  23  3:00  Marine x2  
  23  3:01  Orbital Command  
  26  3:14  SCV  
  26  3:17  Starport, Factory Reactor  
  27  3:21  Marine x2  
  27  3:23  Marine  
  27  3:26  SCV x2  
  31  3:34  Stimpack  
  31  3:38  SCV  
  31  3:39  Marine x2, SCV  
  35  3:45  Marine  
  36  3:53  SCV x2  
  38  3:58  Supply Depot  
  38  4:02  Supply Depot  
  38  4:03  Marine x2  
  38  4:04  Medivac  
  38  4:05  SCV  
  38  4:07  Medivac  
  38  4:08  Marine  
  46  4:20  SCV x2  
  46  4:21  Engineering Bay  
  46  4:24  Supply Depot  
  48  4:27  Engineering Bay, Marine x2  
  48  4:28  Marine  
  48  4:31  Factory Tech Lab  
  51  4:34  Medivac  
  51  4:35  SCV  
  51  4:36  SCV  
  55  4:44  Marine x2  
  57  4:45  Marine  
  57  4:47  SCV  
  57  4:50  Supply Depot  
  59  5:00  SCV x2  
  59  5:02  Marine, Refinery  
  59  5:03  Supply Depot  
  59  5:06  Terran Infantry Weapons Level 1, Supply Depot  
  62  5:07  Terran Infantry Armor Level 1  
  62  5:12  SCV  
  63  5:15  SCV  
  64  5:24  SCV  
  64  5:28  SCV  
  66  5:29  Marine x2  
  65  5:47  SCV  
  65  5:49  Medivac, Missile Turret  
  66  5:50  Medivac, Marine x3  
  66  5:51  Missile Turret  
  66  5:56  Barracks x3  
  70  6:00  Missile Turret, SCV  
  70  6:01  SCV  
  72  6:09  Siege Tank  
  75  6:13  SCV  
  75  6:14  Refinery, SCV  
  77  6:19  Marine x3  
  77  6:25  SCV  
  81  6:26  SCV  
  82  6:51  SCV  
  74  7:26  Marine x2  
  74  7:29  Barracks Reactor x2  
  66  7:30  Barracks Tech Lab  
  66  7:31  Marauder, Combat Shield  
  66  7:32  Medivac x2  
  66  7:33  Siege Tank  
  73  7:37  SCV  
  73  7:38  Armory  
  73  7:42  Engineering Bay  
  73  7:43  SCV  
  71  7:45  Marine x2  
  71  7:46  Command Center  
  71  7:49  SCV  
  70  7:51  Marine  
  70  7:53  Marauder  
  70  7:55  SCV  
  74  8:04  Marine x2  
  74  8:05  Siege Tank  
  79  8:06  Medivac x2  
  79  8:07  Supply Depot  
  79  8:08  SCV  
  79  8:09  Marine  
  85  8:12  Supply Depot  
  85  8:13  Marine x3, Supply Depot  
  85  8:14  Marine x2  
  90  8:21  Marine  
  90  8:22  Marine  
  92  8:27  Marauder  
  92  8:31  Marine x3  
  92  8:32  Marauder  
  92  8:34  Marine, Liberator  
  100  8:36  Medivac  
  100  8:39  Marine x2  
  94  8:48  Liberator  
  94  8:49  Marauder, Marine x3  
  94  8:50  Siege Tank  
  94  8:51  Marine  
  94  8:53  Marine  
  106  8:57  Marine x2  
  108  9:07  Marine x3  
  114  9:10  Marauder  
  114  9:11  Marine x2  
  114  9:15  Marine x2  
  114  9:16  Command Center  
  120  9:25  Siege Tank  
  120  9:29  Marauder  
  125  9:32  Factory  
  125  9:35  Orbital Command, Refinery  
  125  9:36  Refinery  
  125  9:40  Supply Depot  
  125  9:41  Supply Depot  
  125  9:42  Supply Depot  
  125  9:43  Marine x2  
  125  9:44  Marine x5  
  132  9:45  Terran Infantry Weapons Level 2  
  132  9:49  Terran Infantry Armor Level 2  
  132  10:00  SCV  
  132  10:02  Marauder, SCV  
  132  10:06  Supply Depot  
  136  10:13  Terran Vehicle Weapons Level 1, Supply Depot  
  136  10:14  Siege Tank  
  136  10:15  Marine x4  
  136  10:16  Marauder  
  136  10:17  Concussive Shells  
  136  10:19  Marine x2  
  147  10:21  SCV  
  150  10:28  Marauder  
  150  10:32  Supply Depot  
  150  10:36  Marine, Supply Depot x2  
  150  10:37  Marine x5  
  150  10:40  Factory Tech Lab  
  150  10:41  Marauder  
  158  10:47  Siege Tank  
  161  10:54  Marauder  
  162  10:59  Supply Depot  
  162  11:03  Marauder  
  161  11:05  Marine  
  149  11:31  Marine x6  
  149  11:32  Marauder, Marine, Siege Tank x2  
  164  11:53  Marine  
  164  11:54  Marine x5  
  166  11:55  Marauder x2  
  174  12:04  Siege Tank  
  177  12:15  Marine x6  
  180  12:16  Marauder  
  169  12:53  Marine x3  
  169  12:54  Marauder, Marine x4  
  169  12:55  Viking  
  169  12:56  Viking  
  156  13:11  Marine x4  
  156  13:12  Marauder  
  153  13:27  Marine x3  
  153  13:29  Marine x2  
  153  13:34  Marauder  
  160  13:41  Marine x2  
  154  13:45  Marine x3  
  154  13:47  Marine  
  145  14:35  Marine x8  
  145  14:37  Thor x2  
  165  14:38  Medivac x2  
  165  14:43  Starport  
  165  14:44  Starport  
  169  14:48  Orbital Command  
  169  14:52  Refinery  
  158  14:54  Marauder  
  131  15:25  Medivac x2  
  131  15:26  Marine x3  
  131  15:27  Marine x3  
  131  15:28  Marine x2  
  142  15:30  Siege Tank, Thor  
  152  15:36  Orbital Command  
  152  15:58  Marine x4  
  152  15:59  Marine x4  
Show
View Real Time Build Order
Export as new Build Order

LarryBirdJr Zerg - Winner!

Build Orders: Pool First 

Get SALT Encoding   

  12  0:02  Drone  
  13  0:15  Overlord  
  13  0:24  Drone  
  14  0:37  Spawning Pool  
  14  0:38  Drone  
  14  0:43  Drone  
  14  0:46  Drone  
  14  0:49  Extractor  
  15  0:52  Drone  
  16  1:00  Drone  
  17  1:10  Drone  
  18  1:21  Drone  
  19  1:32  Drone  
  20  1:34  Hatchery  
  19  1:43  Queen  
  19  1:45  Zergling x2  
  22  1:55  Overlord  
  22  2:18  Drone x2  
  24  2:27  Roach Warren  
  24  2:28  Queen  
  24  2:29  Extractor  
  24  2:30  Drone  
  25  2:38  Drone  
  26  2:45  Overlord  
  26  2:55  Queen  
  28  3:13  Evolution Chamber  
  28  3:15  Roach  
  28  3:16  Roach, Drone x2  
  28  3:18  Overlord, Roach  
  35  3:21  Drone  
  36  3:28  Drone  
  39  3:34  Roach  
  39  3:49  Drone x2  
  39  3:54  Drone  
  42  3:55  Spine Crawler  
  42  3:57  Roach x2  
  45  4:05  Drone x3  
  49  4:10  Drone  
  49  4:11  Drone  
  50  4:34  Lair  
  50  4:37  Overlord x3  
  49  5:01  Roach x3  
  49  5:02  Roach x4  
  63  5:18  Roach x2  
  67  5:44  Spore Crawler  
  67  5:46  Spore Crawler  
  65  5:51  Spore Crawler  
  65  5:54  Spore Crawler  
  63  5:59  Roach x2  
  63  6:01  Overlord x3  
  63  6:03  Drone  
  68  6:06  Zerg Ground Armor Level 1  
  68  6:21  Drone  
  68  6:22  Drone x3  
  72  6:36  Roach x2  
  75  6:48  Zergling x2  
  66  7:15  Roach x6, Hatchery  
  75  7:16  Glial Reconstitution  
  75  7:18  Queen  
  75  7:19  Queen  
  77  7:33  Drone x2  
  79  7:39  Roach x2  
  83  7:48  Roach  
  85  7:54  Burrow  
  85  8:03  Roach  
  85  8:04  Roach x2  
  85  8:26  Roach x4  
  80  8:28  Overlord  
  80  8:31  Drone  
  77  8:50  Roach x2  
  77  8:51  Roach  
  79  9:02  Roach  
  79  9:03  Roach x4  
  87  9:16  Roach  
  89  9:17  Roach  
  89  9:19  Overlord x2  
  91  9:24  Lair  
  91  9:25  Drone  
  91  9:26  Extractor  
  91  9:44  Hatchery  
  72  9:51  Roach x4  
  72  9:52  Roach  
  66  10:07  Extractor  
  66  10:08  Drone  
  66  10:29  Drone x5  
  66  10:30  Drone x2  
  73  10:43  Roach x5  
  73  10:44  Roach  
  85  10:50  Drone x2  
  87  10:58  Drone  
  87  10:59  Drone  
  89  11:09  Roach x3  
  95  11:11  Queen  
  93  11:32  Evolution Chamber  
  92  11:33  Drone x3  
  92  11:36  Zerg Ground Armor Level 2  
  95  11:41  Drone x5  
  95  11:42  Drone x3  
  102  11:53  Roach x3  
  79  12:08  Roach  
  59  12:49  Spire  
  58  12:54  Hatchery  
  51  13:16  Zerg Melee Weapons Level 1  
  51  13:17  Zergling x2  
  51  13:18  Zergling x34  
  51  13:19  Zergling x4  
  71  13:22  Metabolic Boost  
  71  13:51  Zergling x18  
  71  13:52  Zergling x2  
  64  14:22  Corruptor x6  
  64  14:23  Corruptor x2  
  75  14:33  Drone  
  75  14:34  Drone x4  
  75  14:35  Drone  
  71  15:16  Corruptor x5  
  71  15:29  Corruptor x2  
  73  15:37  Extractor  
  73  15:38  Extractor  
  71  15:43  Corruptor  
  71  15:44  Corruptor x2  
Tags
 
Add a new tag
Caveats
  • Supply blocks, unpowered buildings, or Contaminate may cause inaccurate times.
  • Supply counts are checked every 10 seconds.